 Dungeon Crawl Stone Soup version 0.21-a0-552-g593960d (webtiles) character file.

82 Lasiace the Skirmisher (level 4, 0/52 HPs)
             Began as an Ogre Skald on Dec 16, 2017.
             Slain by Sigmund
             ... wielding a +0 scythe
              (4 damage)
             ... on level 2 of the Dungeon.
             The game lasted 00:06:34 (2213 turns).

Lasiace the Skirmisher (Ogre Skald)                 Turns: 2213, Time: 00:06:35

Health: 0/52       AC:  3    Str: 15    XL:     4   Next: 43%
Magic:  3/7        EV: 10    Int: 14    God:
Gold:   48         SH:  0    Dex:  9    Spells: 4/7 levels left

rFire    . . .     SeeInvis .   a - +0 mace
rCold    . . .     Gourm    .   (no shield)
rNeg     . . .     Faith    .   d - +0 robe
rPois    .         Spirit   .   (helmet restricted)
rElec    .         Reflect  .   (no cloak)
rCorr    .         Harm     .   (gloves unavailable)
MR       +....                  (boots unavailable)
Stlth    +.........             (no amulet)
HPRegen  0.17/turn              I - ring of wizardry
MPRegen  0.10/turn              U - ring of protection from magic

@: no status effects
A: large, unfitting armour, tough skin 1
a: no special abilities


You were on level 2 of the Dungeon.
You were hungry.

You visited 1 branch of the dungeon, and saw 2 of its levels.

You collected 48 gold pieces.

Inventory:

Hand Weapons
 a - a +0 mace (weapon)
Missiles
 e - 55 stones (quivered) {@Q0 @f0}
 i - 9 poisoned needles
Armour
 d - a +0 robe (worn)
Jewellery
 I - a ring of wizardry (left hand)
 U - a ring of protection from magic (right hand)
Scrolls
 f - a scroll of blinking {@r5 !r}
 h - a scroll of identify {@r4}
Potions
 l - a potion of magic
Books
 B - a book of Battle

   Spells                             Type                      Level
   a - Infusion                       Charms                       1
   b - Shroud of Golubria             Charms/Translocation         2
   c - Song of Slaying                Charms                       2
   d - Spectral Weapon                Hexes/Charms                 3
   e - Regeneration                   Charms/Necromancy            3
Comestibles
 g - a royal jelly
 j - a meat ration
 k - a bread ration


   Skills:
 - Level 6.0 Fighting
 + Level 1.7 Maces & Flails
 - Level 2.1 Dodging
 - Level 2.4 Spellcasting
 - Level 2.6 Charms


You had 4 spell levels left.
You knew the following spells:

 Your Spells              Type           Power        Failure   Level  Hunger
a - Infusion              Chrm           #...         3%          1    #......
g - Song of Slaying       Chrm           #.......     4%          2    ###....


Dungeon Overview and Level Annotations

Branches:
Dungeon (2/15)

Altars:

Annotations:
D:2 Sigmund


Innate Abilities, Weirdness & Mutations

You are too large for most types of armour.
You have tough skin. (AC +1)


Message History

You barely miss something. Something hits you!
You hit something. Something hits you but does no damage.
You hit something. Something hits you!
You miss something.
Your magical infusion is running out.
You are feeling hungry.
Something hits you but does no damage.
You barely miss something. You closely miss something. Something hits you!
You miss something. Something hits you!
* * * LOW HITPOINT WARNING * * *
You closely miss something. You closely miss something.
You are no longer magically infusing your attacks.
Something hits you.
* * * LOW HITPOINT WARNING * * *
You sock something! Something hits you!
* * * LOW HITPOINT WARNING * * *
You closely miss something. Something hits you.
You die...

. .# #. .. ##'##
.. ##...## .# #
##.....## .# #.#
##.......##>##...#
#.........#......#
+.........@{....(.
#.........####...#
##.......## #
##.....## ##...##
##'## #.#
##.######
#######.......#


There were no monsters in sight!

Vanquished Creatures
  5 adders (D:2)
  A worm (D:2)
  A leopard gecko (D:1)
  4 bats (D:1)
  A giant cockroach (D:1)
  2 goblins (D:1)
  7 hobgoblins
  3 frilled lizards
  7 kobolds
  6 rats
37 creatures vanquished.

Notes
Turn   | Place    | Note
-------+----------+-------------------------------------------
     0 | D:1      | Lasiace the Ogre Skald began the quest for the Orb.
     0 | D:1      | Reached XP level 1. HP: 22/22 MP: 3/3
    67 | D:1      | Reached skill level 3 in Fighting
   336 | D:1      | Reached XP level 2. HP: 32/32 MP: 0/5
   392 | D:1      | Learned a level 2 spell: Song of Slaying
   460 | D:1      | Reached skill level 4 in Fighting
  1176 | D:1      | Reached XP level 3. HP: 37/40 MP: 3/6
  1536 | D:2      | Reached skill level 5 in Fighting
  1763 | D:2      | Reached XP level 4. HP: 47/50 MP: 2/7
  1972 | D:2      | Reached skill level 6 in Fighting
  2193 | D:2      | Noticed Sigmund
  2213 | D:2      | Slain by Sigmund

Vault maps used:
D:1:      dpeg_arrival_prison
D:2:      uniq_sigmund

Skill      XL: |  1  2  3  4 |
---------------+-------------+-----
Fighting       | 3 4 5 6 |  6.0
Maces & Flails | |  1.7
Dodging        | |  2.1
Spellcasting   | |  2.4
Charms         | |  2.6

Action                   |  1- 3 |  4- 6 || total
-------------------------+-------+-------++-------
Melee: Mace              |    92 |    37 ||   129
 Fire: Hunting sling     |    24 |       ||    24
Throw: Stone             |     8 |    11 ||    19
 Cast: Infusion          |    11 |     5 ||    16
  Use: Potion            |       |     2 ||     2
       Scroll            |       |     1 ||     1
  Eat: Chunk             |     3 |     1 ||     4
Armor: Robe              |    40 |     9 ||    49
Dodge: Dodged            |    67 |    23 ||    90

Table legend:
 A = Spawn XP
 B = Non-spawn XP
 C = Spawn XP percentage of total XP
 D = Spawn monster count
 E = Non-spawn monster count
 F = Spawn count percentage of total count
 G = Total turns spent on level
                    A         B        C        D         E        F      G
               +---------+---------+-------+---------+---------+-------+---------
         Total |       0 |     118 |   0.0 |       0 |      37 |   0.0 |  2213
               +---------+---------+-------+---------+---------+-------+---------
           D:1 |       0 |      40 |   0.0 |       0 |      26 |   0.0 |  1525
           D:2 |       0 |      78 |   0.0 |       0 |      11 |   0.0 |   688
               +---------+---------+-------+---------+---------+-------+---------
